AoeStats
← Pacne

Arabia

509687707Analyzed
1v1 RM · 5d ago on Sep 27, 2026· 26m 55s· 2 players
Game mode
Random Map
Map size
Tiny (2 player)
Population
200
Speed
Normal
Resources
Standard
Victory
Conquest
Starting age
Dark Age
Ending age
Imperial Age
RankedLock teamsTeams togetherTeam positionsShared explorationLock speedFull tech treeHidden civsTurbo modeCheats
Victory
Defeat
🇪🇸 Burgundians · Spain
619
+14
🇺🇸 Vietnamese · United States
579
-25
huntrixLoL
1:38 Loom
11:06 Feudal Age
11:48 Horse Collar
11:54 Double-Bit Axe
19:41 Castle Age
21:51 Gold Mining
21:52 Stone Mining
22:14 Bow Saw
22:15 Heavy Plow
24:00 Fletching
26:01 Crossbowman
Pacne
0:27 Loom
12:51 Feudal Age
19:07 Castle Age
17:50 Gold Mining
17:51 Double-Bit Axe
18:55 Stone Mining
19:53 Scale Mail Armor
24:13 Squires
Connection lost

Rejoining the realm…

Still unreachable

The connection could not be restored.

Session expired

The server has moved on; the page needs a fresh start.